 Dungeon Crawl Stone Soup version 0.27.1 (webtiles) character file.

Game seed: 14861436680199766208

413 soylentgreeen202 the Slasher (level 6, -5/85 HPs)
             Began as a Hill Orc Monk on Sept 1, 2021.
             Slain by an ogre (14 damage)
             ... on level 6 of the Dungeon.
             The game lasted 00:19:00 (2981 turns).

soylentgreeen202 the Slasher (Hill Orc Monk)        Turns: 2981, Time: 00:19:00

Health: -5/85      AC: 23    Str: 16    XL:     6   Next: 90%
Magic:  6/6        EV:  2    Int: 10    God:
Gold:   125        SH:  4    Dex: 13    Spells: 5/5 levels left

rFire    . . .     SeeInvis .   a - +0 falchion
rCold    . . .     Faith    .   n - +0 buckler
rNeg     + + +     Spirit   .   (armour currently unavailable)
rPois    +         Reflect  .   (helmet currently unavailable)
rElec    .         Harm     .   (cloak currently unavailable)
rCorr    .         Rampage  .   (gloves currently unavailable)
Will     .....     NoTele   +   (boots currently unavailable)
Stlth    ++........             e - amulet of regeneration
HPRegen  1.24/turn              (no ring)
MPRegen  0.10/turn              (no ring)

@: tree-form, silenced, weak-willed, unable to read
A: stationary, stasis, torment immunity, boosted hp, thin skeletal structure 1,
clumsy 1, robust 1, inability to read while threatened
a: no special abilities


You were on level 6 of the Dungeon.
You were a tree.
You visited 1 branch of the dungeon, and saw 4 of its levels.

You collected 125 gold pieces.

Inventory:

Hand Weapons
 a - a +0 falchion (weapon)
Missiles
 c - 57 stones (quivered)
 k - 4 boomerangs of dispersal
Armour
 b - a +0 robe
 j - a +0 scale mail (melded)
 m - a +0 ring mail
 n - a +0 buckler (worn)
Jewellery
 e - an amulet of regeneration (around neck)
Scrolls
 d - a scroll of blinking
 g - a scroll of amnesia
 l - a scroll of magic mapping
 q - 2 scrolls of identify


   Skills:
 - Level 4.0 Fighting
 + Level 5.4 Long Blades
 - Level 4.0 Armour
 - Level 3.0 Dodging
 - Level 2.5 Stealth
 + Level 2.2 Shields


You had 5 spell levels left.
You didn't know any spells.
Your spell library was empty.

Dungeon Overview and Level Annotations

Branches:
Dungeon (3/15)

Altars:
Kikubaaqudgha

Shops:
D:2 :

Annotations:
D:2 6 exclusions, Sigmund


Innate Abilities, Weirdness & Mutations

You are a tree.
Your roots penetrate the ground, keeping you stationary.
You cannot be teleported.
You are immune to unholy pain and torment.
Your maximum health is greatly increased.
Your equipment is partially melded.
You have a somewhat thin skeletal structure. (Dex +2, Stealth+)
You are clumsy. (Dex -2)
You are robust. (+10% HP)
You sometimes lose the ability to read scrolls when taking damage.


Message History

The ogre hits you with a +0 giant spiked club!
* * * LOW HITPOINT WARNING * * *
As you read the scroll labelled YNOVEZ DUNNAIV, it crumbles to dust.
You cannot blink because you are held in place by your roots.
It was a scroll of blinking.
The ogre hits you with a +0 giant spiked club.
* * * LOW HITPOINT WARNING * * *
As you read the scroll labelled MOQI MEURPHUETI, it crumbles to dust.
Magic quickly surges around you.
It was a scroll of vulnerability.
As you read the scroll labelled INYBBATHEDGH, it crumbles to dust.
It is a scroll of amnesia.
You feel forgetful for a moment.
The ogre hits you with a +0 giant spiked club.
* * * LOW HITPOINT WARNING * * *
As you read the scroll labelled ZOINGU TIOKHLE, it crumbles to dust.
You feel a strange sense of stasis.
It was a scroll of teleportation.
The ogre hits you but does no damage.
As you read the scroll labelled TIOFAO FUDARY, it crumbles to dust.
You feel aware of your surroundings.
You sensed 1 altar.
It was a scroll of magic mapping.
The ogre hits you with a +0 giant spiked club!
* * * LOW HITPOINT WARNING * * *
As you read the scroll labelled GETOINAOCWU, it crumbles to dust.
A profound silence engulfs you.
It was a scroll of silence.
You block the ogre's attack.
Okay, then.
Really quaff the potion of mutation?
You feel extremely strange.
Your bones become slightly less dense.
You lose the ability to read scrolls when threatened.
You feel clumsy.
You feel robust.
Sorry, you're not good enough to have a special ability.
You hit the ogre.
The ogre is moderately wounded.
You block the ogre's attack.
You barely miss the ogre.
The ogre is moderately wounded.
The ogre hits you with a +0 giant spiked club!
You feel threatened and lose the ability to read scrolls!
You die...

,.....>........≈≈P......≈≈#
,..............≈≈.P♣♣♣P.≈≈*
,#..........††......#..#***
*##.............#.....#*
####.....######...###
****#####.######....#
*,,,,,,,#...........#
*,***#*,#######.....#
*,**,...####* #♣....#
*<,,,*##....###O....#
*,****#.....'.......#
*,,,,*#.....####....#
****,*#.....* #....#
*,*#.....* ######
*****,*#.....*
,,,,,,*#.....*
**,,,,.....##*


You could see an ogre (weak-willed).

Vanquished Creatures
  A scorpion (D:6)
  A wyvern skeleton (D:6)
  Jessica (D:2)
  Terence (D:2)
  Natasha (thrice) (D:2)
  3 orc wizards (D:3)
  7 adders
  2 orcs (D:3)
  4 endoplasms
  3 giant cockroaches
  3 goblins
  7 hobgoblins
  4 jackals (D:1)
  4 quokkas
  8 ball pythons
  3 bats
  5 frilled lizards
  4 kobolds
  A rat (D:2)
65 creatures vanquished.

Notes
Turn   | Place    | Note
-------+----------+-------------------------------------------
     0 | D:1      | soylentgreeen202 the Hill Orc Monk began the quest for the
                  | Orb.
     0 | D:1      | Reached XP level 1. HP: 19/19 MP: 1/1
   488 | D:1      | Reached XP level 2. HP: 27/27 MP: 2/2
  1042 | D:1      | Reached XP level 3. HP: 33/33 MP: 3/3
  1163 | D:2      | Found Ukoan's Book Shop.
  1265 | D:2      | Noticed Terence
  1291 | D:2      | Killed Terence
  1292 | D:2      | Reached XP level 4. HP: 39/40 MP: 4/4
  1477 | D:2      | Reached skill level 4 in Long Blades
  1506 | D:2      | Noticed Natasha
  1519 | D:2      | Killed Natasha
  1520 | D:2      | Reached skill level 1 in Armour
  1536 | D:2      | Noticed Jessica
  1590 | D:2      | Noticed Sigmund
  1659 | D:2      | Noticed Natasha
  1680 | D:2      | Killed Natasha
  1681 | D:2      | Reached XP level 5. HP: 19/46 MP: 5/5
  1702 | D:2      | Noticed Natasha
  1716 | D:2      | Killed Natasha
  1837 | D:2      | Killed Jessica
  2055 | D:3      | Reached XP level 6. HP: 50/52 MP: 6/6
  2339 | D:3      | Found an ancient bone altar of Kikubaaqudgha.
  2845 | D:3      | You fall into a shaft and drop 3 floors!
  2859 | D:6      | Reached skill level 1 in Shields
  2860 | D:6      | Reached skill level 5 in Long Blades
  2979 | D:6      | Gained mutation: You have a somewhat thin skeletal
                  | structure. (Dex +2, Stealth+) [potion of mutation]
  2979 | D:6      | Gained mutation: You sometimes lose the ability to read
                  | scrolls when taking damage. [potion of mutation]
  2979 | D:6      | Gained mutation: You are clumsy. (Dex -2) [potion of
                  | mutation]
  2979 | D:6      | Gained mutation: You are robust. (+10% HP) [potion of
                  | mutation]
  2981 | D:6      | Slain by an ogre

Illustrated notes

Levels and vault maps discovered:
D:1:      erik_arrival_orb_chamber, layout_loops_ring
D:2:      layout_loops_ring, serial_shops, shop, st_stairs_9, uniq_natasha,
          uniq_terence, uniq_jessica, uniq_sigmund
D:3:      layout_basic, amcnicky_altar_gilded, minmay_vboxes
D:6:      layout_basic, nicolae_elyvilon_peaceful_grove, due_unseen_surprise

Skill      XL: |  1  2  3  4  5  6 |
---------------+-------------------+-----
Fighting       | 4 |  4.0
Stealth        | 2 |  2.5
Dodging        | 3 |  3.0
Long Blades    | 4 5 |  5.4
Armour         | 2 3 4 |  4.0
Shields        | 2 |  2.2

Action                   |  1- 3 |  4- 6 || total
-------------------------+-------+-------++-------
Melee: Falchion          |   111 |   196 ||   307
Throw: Stone             |     3 |       ||     3
  Use: Scroll            |     3 |     7 ||    10
       Potion            |     1 |     7 ||     8
 Stab: Sleeping          |     2 |       ||     2
Armor: Robe              |    11 |       ||    11
       Ring mail         |    10 |    12 ||    22
       Scale mail        |       |    55 ||    55
       Skin              |       |     2 ||     2
Dodge: Dodged            |    73 |    84 ||   157
Block: Buckler           |       |     9 ||     9
       Rpst.: Falchion   |    19 |    28 ||    47
